Map: Kairos Junction LE

Players

로맨틱똘빵년

  • Race: Terran Terran
  • League: Bronze
  • Spawn Location: 11:00

playezvibe - Winner!

  • Race: Zerg Zerg
  • Spawn Location: 5:00

VOD

Have the link to the VOD?

Description

Time

  • Played on: June 2, 2019, 8:17 a.m.
  • Length: 18:30
Show
View Real Time Build Order
Export as new Build Order

로맨틱똘빵년 Terran 

Build Orders:  

Get SALT Encoding   

  12  0:01  SCV  
  13  0:13  SCV  
  14  0:20  Supply Depot  
  14  0:25  SCV  
  15  0:41  Refinery  
  15  0:42  SCV  
  16  0:49  Barracks  
  16  0:54  SCV  
  17  1:07  Barracks  
  17  1:11  SCV  
  18  1:32  SCV  
  19  1:36  Marine  
  20  1:44  Supply Depot  
  20  1:47  SCV  
  20  1:52  Refinery  
  21  1:54  Marine  
  22  2:02  Factory  
  22  2:04  Marine  
  23  2:12  Marine  
  24  2:20  Supply Depot  
  24  2:22  Marine  
  25  2:43  Supply Depot  
  25  2:47  Marine  
  25  2:48  Marine  
  25  2:50  Factory Tech Lab  
  27  3:01  SCV  
  27  3:03  Starport  
  27  3:05  Marine  
  29  3:06  Marine  
  30  3:14  Siege Tank, SCV  
  34  3:26  SCV  
  35  3:28  Supply Depot  
  35  3:51  Fusion Core  
  35  4:06  Siege Tank  
  38  4:11  Orbital Command  
  38  4:21  Command Center  
  38  4:31  Supply Depot  
  38  5:12  Supply Depot  
  38  5:17  SCV  
  39  5:29  SCV  
  40  5:35  SCV  
  40  5:36  Refinery  
  40  5:39  Siege Tank  
  40  5:41  SCV, Starport Tech Lab  
  45  5:48  SCV  
  46  5:53  SCV  
  46  5:56  Supply Depot  
  47  6:00  SCV  
  48  6:05  SCV, Supply Depot  
  49  6:11  Battlecruiser  
  49  6:12  SCV  
  56  6:31  SCV  
  57  6:37  Engineering Bay  
  57  6:43  SCV  
  58  6:51  Siege Tank  
  61  7:00  Armory  
  61  7:16  Supply Depot  
  61  7:17  Sensor Tower  
  61  7:24  Supply Depot  
  61  7:28  SCV  
  62  7:34  Refinery  
  62  7:36  Battlecruiser  
  68  7:40  SCV  
  69  7:52  SCV  
  69  7:55  Sensor Tower  
  69  7:57  Supply Depot  
  70  8:00  Supply Depot  
  70  8:19  Supply Depot  
  70  8:22  Supply Depot  
  70  8:41  Battlecruiser  
  76  8:47  Supply Depot  
  76  8:49  Command Center  
  76  8:54  Supply Depot  
  76  9:05  Siege Tank  
  79  9:19  Supply Depot  
  79  9:38  Barracks Reactor  
  79  9:39  Barracks Tech Lab, Ghost Academy  
  79  9:48  Thor  
  84  10:04  Orbital Command  
  84  10:10  Supply Depot x2  
  84  10:18  SCV  
  85  10:21  Refinery  
  85  10:30  SCV  
  85  10:32  Supply Depot  
  85  10:33  Supply Depot  
  86  10:43  SCV  
  87  10:55  SCV  
  88  11:01  Supply Depot  
  88  11:07  SCV  
  89  11:29  Missile Turret  
  89  11:36  Missile Turret  
  89  11:48  Battlecruiser, Thor  
  101  11:55  Personal Cloaking  
  101  12:09  Missile Turret  
  101  12:24  SCV  
  101  12:26  Missile Turret  
  101  12:29  Refinery  
  102  12:36  SCV  
  103  12:45  Thor  
  103  12:48  SCV  
  110  12:52  Terran Vehicle And Ship Armor Level 1  
  110  12:57  Ghost  
  112  13:00  SCV  
  113  13:05  Hi-Sec Auto Tracking  
  113  13:21  Nuke  
  113  13:25  Ghost  
  115  13:30  Thor  
  115  13:31  Battlecruiser  
  127  15:15  Nuke  
  127  15:31  Liberator  
  127  15:37  Thor  
  136  15:52  Terran Vehicle And Ship Armor Level 2  
  136  16:14  Liberator  
Show
View Real Time Build Order
Export as new Build Order

playezvibe Zerg - Winner!

Build Orders: Pool First, Brood Lord Corruptor 

Get SALT Encoding   

  12  0:12  Drone  
  12  0:13  Drone  
  14  0:19  Extractor  
  13  0:26  Extractor  
  13  0:27  Drone x2  
  16  0:39  Overlord  
  16  0:51  Spawning Pool  
  15  1:00  Drone x2  
  17  1:24  Hatchery  
  16  1:26  Drone x2  
  18  1:40  Queen  
  18  1:43  Drone  
  18  1:44  Drone  
  22  1:50  Extractor  
  21  2:20  Zergling x2, Overlord  
  22  2:42  Overlord  
  22  2:44  Zergling x4  
  24  2:59  Drone x2  
  24  3:00  Drone  
  24  3:04  Metabolic Boost  
  27  3:09  Queen  
  27  3:12  Queen  
  31  3:25  Drone x3  
  35  3:41  Drone x2  
  35  3:43  Overlord  
  36  3:54  Overlord x3  
  36  4:06  Lair  
  36  4:08  Pneumatized Carapace  
  36  4:14  Drone x2  
  36  4:15  Drone  
  36  5:05  Drone  
  36  5:06  Drone x4  
  41  5:32  Hatchery  
  41  5:33  Spire  
  39  5:46  Extractor  
  38  5:51  Drone x3  
  41  6:16  Extractor  
  40  6:22  Extractor  
  39  6:34  Drone x2  
  39  6:35  Drone  
  42  6:42  Drone x3  
  45  6:54  Drone  
  45  6:55  Drone x2  
  48  7:02  Queen  
  48  7:06  Overlord x2  
  50  7:08  Overlord  
  50  7:09  Mutalisk x3  
  50  7:10  Mutalisk x2  
  60  7:30  Extractor  
  60  7:34  Extractor  
  60  7:35  Drone x2  
  60  7:36  Drone  
  61  7:41  Drone x2  
  61  7:42  Drone x3  
  66  7:51  Drone  
  66  7:52  Drone x2  
  69  8:10  Infestation Pit  
  68  8:12  Zerg Flyer Weapons Level 1  
  68  8:14  Mutalisk  
  68  8:15  Mutalisk x2  
  74  8:34  Drone x3  
  76  8:40  Drone x3  
  80  8:47  Overlord  
  80  8:48  Overlord x3  
  80  8:53  Hive  
  80  8:56  Lair  
  80  9:03  Spire  
  80  9:08  Drone x2  
  81  9:26  Mutalisk x3  
  87  9:33  Mutalisk x2  
  87  9:34  Mutalisk  
  93  9:44  Mutalisk x4  
  101  10:02  Overseer  
  101  10:07  Drone x2  
  101  10:08  Drone  
  101  10:11  Hatchery  
  103  10:14  Overlord x2  
  103  10:15  Overlord  
  103  10:20  Greater Spire  
  103  10:23  Zerg Flyer Armor Level 1  
  103  11:34  Drone x2  
  105  11:43  Corruptor x2  
  105  11:44  Corruptor x4  
  117  11:52  Corruptor x2  
  117  11:53  Corruptor  
  123  11:58  Zerg Flyer Weapons Level 2  
  124  12:08  Drone x3  
  124  12:10  Overlord x3  
  124  12:11  Overlord x3  
  126  12:24  Extractor  
  125  12:39  Extractor  
  125  12:42  Corruptor  
  125  12:43  Corruptor x2  
  130  12:49  Corruptor  
  130  12:50  Corruptor x2  
  136  13:19  Drone x2  
  138  13:20  Drone  
  138  13:26  Queen  
  141  13:28  Corruptor x3  
  141  13:33  Brood Lord x2  
  141  13:34  Brood Lord x4  
  155  13:35  Brood Lord x3  
  165  13:43  Corruptor  
  165  13:44  Corruptor x2  
  171  13:52  Drone  
  171  13:53  Drone x2  
  174  14:01  Overlord x2  
  174  14:02  Overlord x2  
  174  14:06  Overseer  
  174  14:08  Overseer  
  174  14:18  Zerg Flyer Weapons Level 3  
  174  14:19  Zerg Flyer Armor Level 2  
  174  14:30  Corruptor x3  
  180  14:37  Corruptor x2  
  175  15:31  Corruptor x5  
  175  15:32  Corruptor x4  
  175  15:33  Corruptor  
  195  16:38  Brood Lord x2  
  169  17:33  Brood Lord x5  
  169  17:34  Brood Lord x3  
  185  17:40  Corruptor x3  
Tags
 
Add a new tag
Caveats
  • Supply blocks, unpowered buildings, or Contaminate may cause inaccurate times.
  • Supply counts are checked every 10 seconds.